 Dungeon Crawl Stone Soup version 0.28-a0-863-g8cecda6153 (webtiles) character file.

Game seed: 16608099361749051782

2948 vineage the Basher (level 9, -3/56 HPs)
             Began as a Gargoyle Fighter on Nov 17, 2021.
             Was a Priest of Okawaru.
             Slain by a shadow (8 damage)
             ... on level 7 of the Dungeon.
             The game lasted 00:12:18 (8704 turns).

vineage the Basher (Gargoyle Fighter)               Turns: 8704, Time: 00:12:18

Health: -3/56      AC: 20    Str: 21    XL:     9   Next: 81%
Magic:  9/9        EV:  6    Int:  9    God:    Okawaru [***...]
Gold:   344        SH:  7    Dex: 11    Spells: 8/8 levels left

rFire   . . .      SeeInvis .   n - +1 whip (elec)
rCold   . . .      Faith    .   t - +2 buckler
rNeg    + . .      Spirit   .   l - +0 plate armour
rPois   ∞          Reflect  .   (no helmet)
rElec   +          Harm     .   (no cloak)
rCorr   .          Rampage  .   (no gloves)
Will    .....                   (no boots)
Stlth   ..........              (no amulet)
HPRegen 0.18/turn               (no ring)
MPRegen 0.11/turn               (no ring)

@: no status effects
A: sickness immunity, AC +6, negative energy resistance 1, electricity
resistance, torment resistance 1, petrification resistance
a: Renounce Religion, Heroism


You were on level 7 of the Dungeon.
You worshipped Okawaru.
Okawaru was most pleased with you.
You visited 2 branches of the dungeon, and saw 9 of its levels.

You collected 388 gold pieces.
You spent 44 gold pieces at shops.

Inventory:

Hand Weapons
 a - a +0 flail
 n - a +1 whip of electrocution (weapon)
Armour
 b - a +0 scale mail
 c - a +0 buckler
 l - a +0 plate armour (worn)
 s - a +0 pair of gloves
 t - a +2 buckler (worn)
Wands
 u - a wand of charming (7)
 v - a wand of digging (5)
Scrolls
 e - 4 scrolls of teleportation
 g - a scroll of acquirement {unknown}
 h - a scroll of amnesia {unknown}
 j - 3 scrolls of noise {unknown}
 k - a scroll of magic mapping {unknown}
 m - 3 scrolls of identify
 p - a scroll of vulnerability {unknown}
 q - a scroll of brand weapon {unknown}
 r - a scroll of fog {unknown}
Potions
 d - a potion of might
 f - a potion of flight
 i - a potion of attraction
 o - 2 potions of mutation
 w - a potion of resistance {unknown}
 x - a potion of curing {unknown}


   Skills:
 + Level 6.5 Fighting
 + Level 8.6 Maces & Flails
 + Level 8.6 Armour
 + Level 6.6 Shields


You had 8 spell levels left.
You didn't know any spells.
Your spell library contained the following spells:

 Spells                   Type           Power      Damage    Failure   Level
 Apportation              Tloc           0%         N/A       100%        1
 Magic Dart               Conj           0%         1d3       100%        1
 Pain                     Necr           0%         1d4       100%        1
 Mephitic Cloud           Conj/Pois/Air  0%         N/A       100%        3
 Vampiric Draining        Necr           0%         2d6       100%        3
 Petrify                  Tmut/Erth      0%         N/A       100%        4
 Alistair's Intoxication  Tmut/Pois      0%         N/A       100%        5
 Metabolic Englaciation   Hex/Ice        0%         N/A       100%        5
 Animate Skeleton         Necr           Unusable   N/A       N/A         1
 Call Imp                 Summ           Unusable   N/A       N/A         2
 Statue Form              Tmut/Erth      Unusable   N/A       N/A         6

Dungeon Overview and Level Annotations

Branches:
Dungeon (8/15)             Temple (1/1) D:4
   Lair: D:8-11

Altars:
Ashenzari
Cheibriados
Dithmenos
Elyvilon
Gozag
Hepliaklqana
Kikubaaqudgha
Makhleb
Nemelex Xobeh
Okawaru
Qazlal
Ru
Trog
Uskayaw
Vehumet
Wu Jian
Yredelemnul
The Shining One

Shops:
D:2 ?


Innate Abilities, Weirdness & Mutations

You are immune to sickness and miasma.
Your stone body is resilient. (AC +6)
You are immune to poison.
You resist negative energy. (rN+)
You are resistant to electric shocks. (rElec)
You are resistant to unholy torment.
You are immune to petrification.


Message History

There is a stone staircase leading up here.
The orc wizard casts a spell at you.
You are confused.
The shadow hits you.
You climb upwards.
There is a stone staircase leading down here.
You bump into the rock wall.
The shadow hits you.
You closely miss the shadow. The shadow hits you.
You bump into the rock wall.
The shadow hits you!
* * * LOW HITPOINT WARNING * * *
You closely miss the shadow.
You bump into the rock wall.
The shadow hits you.
You barely miss the shadow.
You feel less confused. The shadow hits you.
You hit the shadow but do no damage. The shadow hits you.
You hit the shadow but do no damage. Lightning courses through the shadow!!
The shadow is almost destroyed.
You hit the shadow but do no damage.
The shadow is almost destroyed.
The shadow hits you.
* * * LOW HITPOINT WARNING * * *
You hit the shadow but do no damage.
The shadow is almost destroyed.
The shadow slips into darkness.
The shadow flickers and vanishes!
Deactivating autopickup; reactivate with Ctrl-A.
You closely miss something. You miss something.
The shadow strikes at you from the darkness!
* * * LOW HITPOINT WARNING * * *
Reactivating autopickup.
You hit the shadow but do no damage.
The shadow is almost destroyed.
The shadow slips into darkness.
The shadow flickers and vanishes!
Deactivating autopickup; reactivate with Ctrl-A.
You closely miss something.
The shadow strikes at you from the darkness!
You die...

##### ....# ###.#
#.# #.# ##.##
##.#.## #########
#.###.####......@#
.## ##.....#####{#
..###.###### #.#
...#...#########.#
..#..............#
..#..#.#########.#
###.>#.# #.#
##...#.# #.#
.<<#.#.# #.#


There were no monsters in sight!

Vanquished Creatures
  The ghost of BargainHunt the Caller, a novice VSSu of Gozag (D:6)
  Menkaure (D:7)
  3 orc warriors
  2 ice beasts (D:7)
  3 sky beasts
  An ogre (D:5)
  2 centaurs (D:6)
  Blork the orc (D:5)
  A kobold brigand (D:7)
  A gnoll sergeant (D:6)
  2 scorpions
  3 water moccasin zombies
  3 water moccasin skeletons
  2 bullfrog zombies (D:5)
  A centaur skeleton (D:5)
  2 centaur zombies
  6 hounds
  3 orc priests
  A gnoll shaman (D:7)
  3 jellies
  4 iguanas
  2 orc wizards (D:6)
  5 gnolls
  A howler monkey skeleton (D:7)
  7 adders
  A shadow imp (D:6)
  A white imp (D:5)
  An ufetubus (D:5)
  A worm (D:3)
  4 dart slugs
  10 orcs
  6 ball pythons
  8 bats
  An endoplasm (D:1)
  2 giant cockroaches
  7 goblins
  6 hobgoblins
  4 jackals (D:2)
  10 kobolds
  4 quokkas
  2 frilled lizards (D:2)
  9 rats
138 creatures vanquished.

Vanquished Creatures (others)
  A quokka (D:4)
  A plant (D:5)
2 creatures vanquished.

Grand Total: 140 creatures vanquished

Notes
Turn   | Place    | Note
-------+----------+-------------------------------------------
     0 | D:1      | vineage the Gargoyle Fighter began the quest for the Orb.
     0 | D:1      | Reached XP level 1. HP: 14/14 MP: 1/1
   127 | D:1      | Reached XP level 2. HP: 18/19 MP: 2/2
   224 | D:1      | Found a faded altar of an unknown god.
   901 | D:2      | Reached XP level 3. HP: 20/23 MP: 3/3
  1365 | D:2      | Found Qodumpish's Magic Scroll Boutique.
  1388 | D:2      | Bought a scroll of identify for 22 gold pieces
  1388 | D:2      | Bought a scroll of identify for 22 gold pieces
  1565 | D:2      | Reached XP level 4. HP: 18/29 MP: 4/4
  2108 | D:3      | Found a hide-covered altar of Uskayaw.
  2906 | D:4      | Reached XP level 5. HP: 33/33 MP: 5/5
  2906 | D:4      | Found a staircase to the Ecumenical Temple.
  2955 | Temple   | Entered the Ecumenical Temple
  3003 | Temple   | Became a worshipper of Warmaster Okawaru
  3225 | D:4      | Noticed an orc warrior
  3488 | D:4      | Reached XP level 6. HP: 37/38 MP: 6/6
  3733 | D:4      | Found a basalt altar of Yredelemnul.
  3735 | D:4      | Noticed a profane servitor
  3740 | D:4      | Found a glowing golden altar of the Shining One.
  3742 | D:4      | Noticed an angel
  3777 | D:4      | Killed an orc warrior
  3778 | D:4      | Reached skill level 5 in Armour
  4186 | D:5      | Entered Level 5 of the Dungeon
  4188 | D:5      | Found a broken altar of Ashenzari.
  4216 | D:5      | Reached * piety under Okawaru
  4217 | D:5      | Reached XP level 7. HP: 36/44 MP: 7/7
  4280 | D:5      | Noticed Blork the orc
  4291 | D:5      | Killed Blork the orc
  4292 | D:5      | Reached skill level 5 in Maces & Flails
  5133 | D:5      | Found a burning altar of Makhleb.
  5297 | D:5      | Reached skill level 5 in Fighting
  5297 | D:5      | Reached XP level 8. HP: 48/49 MP: 8/8
  5602 | D:6      | Reached ** piety under Okawaru
  5695 | D:6      | Reached skill level 5 in Shields
  6330 | D:7      | Reached XP level 9. HP: 18/55 MP: 9/9
  7175 | D:6      | Found a runed translucent door.
  7530 | D:6      | Noticed BargainHunt's ghost (novice VSSu)
  7551 | D:6      | Killed BargainHunt's ghost
  7551 | D:6      | Reached *** piety under Okawaru
  7781 | D:7      | Noticed Menkaure
  7790 | D:7      | Killed Menkaure
  8704 | D:7      | Slain by a shadow

Illustrated notes

Levels and vault maps discovered:
D:1:      ncdulo_smallfort, layout_loops_ring, shapermc_ecumenical_altar_venn,
          minivault_26
D:2:      layout_loops_corners, serial_shops, shop
D:3:      layout_loops_ring, mainiacjoe_overflow_chevrons, chequers_jeans,
          minmay_misc_feat_encased
D:4:      layout_basic, grunt_temple_overflow_holy_war,
          minmay_temple_entry_arrows
D:5:      layout_basic, mainiacjoe_overflow_alcove_4,
          cheibrodos_ashenzari_chains, saegor_snake_ambush, uniq_blork_the_orc
D:6:      hangedman_cross_stitches, layout_loops_ring,
          ebering_ghost_reflecting_pool, st_stairs_11, palyth_stone_intersect,
          nicolae_figureground_pulse
D:7:      layout_loops_ring, hangedman_minor_gate_pass, uniq_menkaure
D:8:      layout_layer_cave, uniq_maurice
Temple:   nicolae_temple_god_jail

Skill      XL: |  1  2  3  4  5  6  7  8  9 |
---------------+----------------------------+-----
Armour         | 4 5 6 7 8 |  8.6
Maces & Flails | 3 4 5 7 8 |  8.6
Shields        | 4 5 6 |  6.6
Fighting       | 4 5 6 |  6.5

Action                   |  1- 3 |  4- 6 |  7- 9 || total
-------------------------+-------+-------+-------++-------
Melee: Flail             |   145 |    59 |       ||   204
       Whip              |       |    78 |   457 ||   535
  Use: Scroll            |     2 |     5 |     3 ||    10
       Potion            |       |     1 |     3 ||     4
Armor: Scale mail        |    89 |    11 |       ||   100
       Plate armour      |       |    83 |   255 ||   338
Dodge: Dodged            |    80 |    32 |    75 ||   187
Block: Buckler           |    36 |    23 |   110 ||   169

Table legend: (Time is in decaauts)
 A = Elapsed time spent in this place.
 B = Non-inter-level travel time spent in this place.
 C = Inter-level travel time spent in this place.
 D = Time resting spent in this place.
 E = Time spent auto-exploring this place.
 F = Levels seen in this place.
 G = Mean time per level.
                   A        B        C        D        E       F      G
               +--------+--------+--------+--------+--------+-----+--------+
         Total |   8655 |   8212 |    443 |      0 |   6894 |   9 |  961.7 |
       Dungeon |   8594 |   8173 |    421 |      0 |   6866 |   8 | 1074.2 |
        Temple |     61 |     40 |     21 |      0 |     28 |   1 |   61.0 |
               +--------+--------+--------+--------+--------+-----+--------+

Top non-repeatable levels by time:
     D:6: 1928 daAuts
     D:5: 1369 daAuts
     D:4: 1228 daAuts
     D:7: 1115 daAuts
     D:2: 1104 daAuts
     D:3: 963 daAuts
     D:1: 878 daAuts
  Temple: 61 daAuts
     D:8: 6 daAuts
